 Dungeon Crawl Stone Soup version 0.29.0-4-gdea44cf6ec (webtiles) character file.

Game seed: 7283530848783258461

44 qw the Chopper (level 3, -2/21 HPs)
             Began as a Tengu Warper on Aug 28, 2022.
             Slain by a worm (7 damage)
             ... on level 2 of the Dungeon.
             The game lasted 00:00:07 (1739 turns).

qw the Chopper (Tengu Warper)                       Turns: 1739, Time: 00:00:08

Health: -2/21      AC:  3    Str: 13    XL:     3   Next: 60%
Magic:  7/7        EV: 12    Int: 13    God:
Gold:   168        SH:  0    Dex: 13    Spells: 6/6 levels left

rFire   . . .      SeeInvis .   Y - +0 hand axe
rCold   . . .      Faith    .   (no shield)
rNeg    . . .      Spirit   .   b - +0 leather armour
rPois   .          Reflect  .   (helmet restricted)
rElec   .          Harm     .   (no cloak)
rCorr   .          Rampage  .   (no gloves)
Will    .....                   (boots unavailable)
Stlth   +.........              (no amulet)
HPRegen 0.07/turn               (no ring)
MPRegen 0.10/turn               (no ring)

@: no status effects
A: beak, talons 3
a: no special abilities


You were on level 2 of the Dungeon.
You visited 1 branch of the dungeon, and saw 2 of its levels.

You collected 168 gold pieces.


Innate Abilities, Weirdness & Mutations

You have a beak for a mouth.
You have claws for feet.


   Skills:
 - Level 2.0 Fighting
 + Level 4.2 Axes
 - Level 1.0 Throwing
 - Level 1.1 Armour
 - Level 2.1 Dodging
 - Level 2.0 Spellcasting
 - Level 2.4 Translocations


You had 6 spell levels left.
You didn't know any spells.
Your spell library contained the following spells:

 Spells                   Type           Power      Damage    Failure   Level
 Blink                    Tloc           14%        N/A       19%         2
 Gell's Gravitas          Tloc           7%         N/A       36%         3
 Lesser Beckoning         Tloc           7%         N/A       36%         3
 Teleport Other           Tloc           7%         N/A       36%         3
 Manifold Assault         Tloc           7%         N/A       98%         5

Inventory:

Hand Weapons
 g - a +2 mace of protection
 Y - a +0 hand axe (weapon)
Armour
 b - a +0 leather armour (worn)
 f - a +0 pair of gloves
 h - a +0 ring mail
Jewellery
 e - a ring of ice
Scrolls
 a - 4 scrolls of identify
 d - a scroll of teleportation {unknown}
Potions
 c - 2 potions of curing {unknown}

Dungeon Overview and Level Annotations

Branches:
Dungeon (2/15)

Altars:


Message History

A dart slug is nearby!
You hit the dart slug. You claw the dart slug.
The dart slug is severely wounded.
The dart slug closely misses you.
You hit the dart slug.
You kill the dart slug!
You start waiting.
Done waiting.
You see here a dart slug corpse.
You now have 168 gold pieces (gained 14).
Found a stone staircase leading up.
Enter note:
Enter note:
h - a +0 ring mail
a - 4 scrolls of identify (gained 1)
c - 2 purple potions (gained 1)
A worm comes into view.
Enter note:
Enter note:
Enter note: You hit the worm but do no damage.
You claw the worm. Your peck misses the worm.
The worm is lightly wounded.
The worm bites you!
You hit the worm.
The worm is moderately wounded.
You hit the worm.
The worm is heavily wounded.
The worm bites you!
You hit the worm but do no damage. Your kick misses the worm.
The worm is heavily wounded.
The worm completely misses you.
You hit the worm. You claw the worm.
The worm is severely wounded.
You barely miss the worm.
The worm is severely wounded.
The worm barely misses you.
You hit the worm.
The worm is severely wounded.
The worm bites you!
You die...

.......# .......# #.....
.......# #....
########.. #... #.. ....
#.. #.# ... #.# #
##.###.# ##.###.###
.......########.........
................@w......
.......######.###.......
.......# #.# .......
.......# #.# .######
..:...##### #.# .#
###.#.....###.# .#
##.#####..##.# .# ##..#
##.##.# <.# #..##
#....#..#


You could see a worm.

Vanquished Creatures
  An adder (D:2)
  4 dart slugs
  7 ball pythons
  2 bats (D:1)
  An endoplasm (D:1)
  A giant cockroach (D:1)
  A goblin (D:1)
  2 hobgoblins
  A kobold (D:1)
  A quokka (D:1)
  3 frilled lizards
  3 rats
27 creatures vanquished.

Vanquished Creatures (others)
  A demonic plant (D:1)
1 creature vanquished.

Grand Total: 28 creatures vanquished

Notes
Turn   | Place    | Note
-------+----------+-------------------------------------------
     0 | D:1      | qw the Tengu Warper began the quest for the Orb.
     0 | D:1      | Reached XP level 1. HP: 12/12 MP: 4/4
     0 | D:1      | 0 ||| qw: Version: 0.1-a-89-g26bdef1
     0 | D:1      | 0 ||| qw: Game counter: 2856
     0 | D:1      | 0 ||| qw: Always use a shield: true
     0 | D:1      | 0 ||| qw: God list: Okawaru
     0 | D:1      | 0 ||| qw: Allow faded altars: false
     0 | D:1      | 0 ||| qw: Do Orc after D:15 true
     0 | D:1      | 0 ||| qw: Do second Lair branch before Depths: true
     0 | D:1      | 0 ||| qw: Lair rune preference: random
     0 | D:1      | 0 ||| qw: Plans: Normal
     0 | D:1      | 0 ||| PLANNING D:1-11
    13 | D:1      | 13 ||| Stepping ~*~*~tactically~*~*~ (stealth).
    20 | D:1      | 20 ||| Stepping ~*~*~tactically~*~*~ (stealth).
   132 | D:1      | Reached skill level 3 in Axes
   132 | D:1      | Reached XP level 2. HP: 10/17 MP: 6/6
   688 | D:1      | 688 ||| DROPPING +0 whip.
   725 | D:1      | Reached XP level 3. HP: 21/21 MP: 7/7
   762 | D:1      | Found a faded altar of an unknown god.
  1036 | D:1      | 1036 ||| READING 2 scrolls labelled YTAHAS FYDACA.
  1037 | D:1      | 1037 ||| DROPPING scroll of blinking.
  1166 | D:2      | Reached skill level 4 in Axes
  1460 | D:2      | 1460 ||| Stepping ~*~*~tactically~*~*~ (hiding).
  1562 | D:2      | 1562 ||| Stepping ~*~*~tactically~*~*~ (hiding).
  1565 | D:2      | 1565 ||| Stepping ~*~*~tactically~*~*~ (hiding).
  1735 | D:2      | HP: 5/21 [worm (9)]
  1739 | D:2      | Slain by a worm

Levels and vault maps discovered:
D:1:      dpeg_arrival_ternary, layout_rooms, shapermc_ecumenical_altar_gd,
          serial_glass, glass_columns_b, glass_columns_b,
          nicolae_kite_square_tiling_tiny
D:2:      layout_rooms

Skill      XL: |  1  2  3 |
---------------+----------+-----
Axes           | 3 4 |  4.2
Fighting       | |  2.0
Throwing       | |  1.0
Armour         | |  1.1
Dodging        | |  2.1
Spellcasting   | |  2.0
Translocations | |  2.4

Action                   || total
-------------------------++-------
Melee: Hand axe          ||    60
       Kick              ||    14
       Peck              ||     6
Throw: Boomerang         ||     7
  Use: Scroll            ||     1
Armor: Leather armour    ||    16
Dodge: Dodged            ||    25

Table legend:
 A = Non-vault XP
 B = Vault XP
 C = Vault XP percentage of total XP
 D = Non-vault monster count
 E = Vault monster count
 F = Vault count percentage of total count
                 A         B        C        D         E       F
            +---------+---------+-------+---------+---------+-------
      Total |      63 |       0 |   0.0 |      27 |       0 |   0.0
            +---------+---------+-------+---------+---------+-------
        D:1 |      40 |       0 |   0.0 |      20 |       0 |   0.0
        D:2 |      23 |       0 |   0.0 |       7 |       0 |   0.0
            +---------+---------+-------+---------+---------+-------
